 Dungeon Crawl Stone Soup version 0.18-a0-1797-gc18daef (webtiles) character file.

56181 ololoev the Severer (level 14, 0/127 HPs)
             Began as a Hill Orc Fighter on Apr 22, 2016.
             Was the Champion of Okawaru.
             Killed by vampiric draining
             ... invoked by a vampire knight
              (9 damage)
             ... on level 1 of the Depths.
             The game lasted 00:51:58 (19631 turns).

ololoev the Severer (Hill Orc Fighter)             Turns: 19631, Time: 00:51:59

Health: 0/127      AC: 27    Str: 30    XL:     14   Next: 80%
Magic:  22/22      EV: 19    Int:  8    God:    Okawaru [******]
Gold:   791        SH:  0    Dex: 15    Spells: 3 memorised, 15 levels left

rFire  + + .     SeeInvis .     a - +4 battleaxe (freeze)
rCold  . . .     Gourm    .     B - +1 plate armour {rF+}
rNeg   . . .     Faith    .     (shield currently unavailable)
rPois  +         Spirit   .     A - +2 helmet
rElec  +         Dismiss  .     J - +1 cloak
rCorr  .         Reflect  .     (no gloves)
SustAt .         Harm     .     t - +1 pair of boots "Muytic" {rElec rPois rF+}
MR     ++...                    E - amulet of magic regeneration
Stlth  ..........               I - ring of protection from magic
                                H - +6 ring of strength

@: agile, heroism, very slightly contaminated, studying Axes, very resistant to
hostile enchantments, extremely unstealthy
A: sense surroundings 1, wild magic 1
a: Heroism, Finesse, Renounce Religion


Innate Abilities, Weirdness & Mutations

You passively map a small area around you.
Your spells are a little harder to cast, but a little more powerful.

Inventory:

Hand Weapons
 a - a +4 battleaxe of freezing (weapon)
 K - a +2 battleaxe of flaming
 U - a +1 executioner's axe of freezing
Armour
 t - the +1 pair of boots "Muytic" (worn) {rElec rPois rF+}
   (You found it in a labyrinth)

   It protects you from fire.
   It insulates you from electricity.
   It protects you from poison.
 A - a +2 helmet (worn)
 B - a +1 plate armour of fire resistance (worn)
 J - a +1 cloak (worn)
Rods
 b - a +1 lightning rod (6/14)
   (You took it off a minotaur in a labyrinth)
 y - a +1 iron rod (11/11)
   (You found it in a labyrinth)
Jewellery
 p - an uncursed ring of see invisible
 E - an amulet of magic regeneration (around neck)
 H - a +6 ring of strength (left hand)
 I - a ring of protection from magic (right hand)
Wands
 C - a wand of digging (11/24)
 O - a wand of teleportation (2/9)
 S - a wand of disintegration (13/24)
Scrolls
 c - 2 scrolls of holy word
 h - 3 scrolls of blinking
 i - 4 scrolls of remove curse
 k - 3 scrolls of fog
 l - 3 scrolls of random uselessness {unknown}
 m - 2 scrolls of magic mapping
 n - 8 scrolls of teleportation
 o - a scroll of fear {unknown}
 q - 3 scrolls of enchant armour
 s - a scroll of noise {unknown}
 x - a scroll of immolation
 z - a scroll of recharging
 F - a scroll of summoning
 M - 2 scrolls of amnesia {unknown}
 N - 3 scrolls of enchant weapon {unknown}
 T - a scroll of silence {unknown}
Potions
 d - a potion of cure mutation
 e - 2 potions of haste
 g - a potion of curing
 r - 2 potions of invisibility
 u - 3 potions of brilliance
 w - 3 potions of agility
 L - 2 potions of might
 R - 2 potions of magic
Books
 P - a manual of Axes
Comestibles
 f - 4 bread rations
 j - 3 slices of pizza
 v - 9 meat rations
 G - 6 beef jerkies
 Q - 3 fruits
 V - a chunk of flesh


   Skills:
 + Level 12.9(17.9) Fighting
 * Level 20.0(25.0) Axes
 + Level 11.5(16.5) Armour
 + Level 4.9(9.9) Dodging
   Level 3.2(8.2) Shields
 + Level 4.2 Spellcasting
 + Level 5.2 Charms
 + Level 5.7 Necromancy
 + Level 3.4 Translocations
 + Level 11.7 Invocations


You had 15 spell levels left.
You knew the following spells:

 Your Spells              Type           Power        Failure   Level  Hunger
a - Apportation           Tloc           #.........   50%         1    #......
b - Regeneration          Chrm/Necr      ##........   54%         3    ###....
c - Song of Slaying       Chrm           ##......     36%         2    ###....


You were on level 1 of the Depths.
You worshipped Okawaru.
Okawaru was exalted by your worship.
You were not hungry.

You visited 2 branches of the dungeon, and saw 16 of its levels.
You also visited: Labyrinth.

You collected 1121 gold pieces.
You spent 330 gold pieces at shops.

.....## , * ...... *
......, 8 * ..#.##, * ,
* ..###.. ###+# *
..##..., ...# ,
..###..## #.##
...##....###..#######.#
................@.....#
..#....§§..........#..#
...##...§§§C.....##...#
...#.#..§§§.....#.# ..#
....#.##§§§...##.#.. .#
...C.##§#....#.##!...,#
.....#.#.#..#.#.#.....
....§.#.##..##.#......*
.......#*.... #... ..

Notes
Turn   | Place    | Note
--------------------------------------------------------------
     0 | D:1      | ololoev the Hill Orc Fighter began the quest for the Orb.
     0 | D:1      | Reached XP level 1. HP: 19/19 MP: 1/1
    14 | D:1      | Reached skill level 3 in Axes
    37 | D:1      | Reached XP level 2. HP: 21/26 MP: 2/2
    94 | D:1      | Found an iron altar of Okawaru.
   180 | D:1      | Became a worshipper of Warmaster Okawaru
   317 | D:1      | Reached XP level 3. HP: 33/33 MP: 3/3
   775 | D:1      | Reached skill level 1 in Invocations
   828 | D:2      | Found a white marble altar of Elyvilon.
   951 | D:2      | Reached skill level 4 in Axes
   951 | D:2      | Reached XP level 4. HP: 11/40 MP: 4/4
  1437 | D:2      | Found a glowing golden altar of the Shining One.
  2015 | D:3      | Reached XP level 5. HP: 46/46 MP: 6/6
  2267 | D:4      | Reached skill level 5 in Axes
  2460 | D:4      | Reached * piety under Okawaru
  2460 | D:4      | Reached XP level 6. HP: 37/53 MP: 7/7
  2815 | D:4      | Reached skill level 5 in Armour
  3024 | D:4      | Reached skill level 6 in Axes
  3533 | D:4      | Reached skill level 5 in Fighting
  3533 | D:4      | Reached XP level 7. HP: 50/61 MP: 9/9
  3615 | D:5      | Entered Level 5 of the Dungeon
  3664 | D:5      | Reached ** piety under Okawaru
  3664 | D:5      | Reached skill level 7 in Axes
  3686 | D:5      | Reached XP level 8. HP: 45/70 MP: 11/11
  4076 | D:5      | You fall through a shaft for 3 floors!
  4086 | D:8      | Reached skill level 8 in Axes
  4920 | D:6      | Reached skill level 9 in Axes
  5208 | D:6      | Reached *** piety under Okawaru
  5385 | D:6      | Found a staircase to the Ecumenical Temple.
  5405 | D:6      | Reached skill level 10 in Axes
  5405 | D:6      | Reached XP level 9. HP: 64/79 MP: 10/12
  5420 | D:6      | Noticed Grinder
  5444 | D:6      | Killed Grinder
  5462 | D:6      | Identified Taddawetta's Incunabulum of Transmutation and the Voyage
  5466 | D:6      | Learned a level 1 spell: Apportation
  5840 | D:6      | Found a blossoming altar of Fedhas.
  6123 | D:7      | Noticed Joseph
  6160 | D:7      | Killed Joseph
  6160 | D:7      | Reached skill level 11 in Axes
  6434 | D:7      | Found Cuvev's Antique Armour Shop.
  6502 | D:7      | Found a radiant altar of Vehumet.
  6504 | D:7      | Found a shimmering altar of Xom.
  6505 | D:7      | Found a sacrificial altar of Ru.
  6601 | D:7      | Reached **** piety under Okawaru
  6715 | D:7      | Reached skill level 5 in Invocations
  6912 | D:7      | Found an oddly glowing altar of Pakellas.
  6933 | D:7      | Reached skill level 12 in Axes
  6971 | D:7      | Found Ijogueg's Antique Armour Boutique.
  6975 | D:7      | Reached XP level 10. HP: 90/90 MP: 10/14
  7236 | D:8      | Found a shadowy altar of Dithmenos.
  8790 | D:10     | Entered Level 10 of the Dungeon
  8852 | D:10     | Noticed a hill giant
  8859 | D:10     | Killed a hill giant
  8859 | D:10     | Reached ***** piety under Okawaru
  8859 | D:10     | Reached skill level 13 in Axes
  8919 | D:10     | Found a staircase to the Orcish Mines.
  9264 | D:10     | Noticed Josephine
  9273 | D:10     | Killed Josephine
  9273 | D:10     | Reached skill level 10 in Fighting
  9273 | D:10     | Reached XP level 11. HP: 54/99 MP: 14/16
  9292 | D:10     | Reached skill level 14 in Axes
  9481 | D:10     | Noticed a hill giant
  9490 | D:10     | Killed a hill giant
  9490 | D:10     | Received a gift from Okawaru
 10471 | D:10     | Noticed a hill giant
 10478 | D:10     | Killed a hill giant
 10602 | D:11     | Noticed a death knight
 10626 | D:10     | Gained mutation: You passively map a small area around you. [potion of beneficial mutation]
 10627 | D:10     | Gained mutation: Your spells are a little harder to cast, but a little more powerful. [potion of beneficial mutation]
 10772 | D:11     | Found a labyrinth entrance.
 10779 | D:11     | Found a staircase to the Lair.
 10781 | Lab      | Entered a labyrinth
 11160 | Lab      | Received a gift from Okawaru
 11229 | Lab      | Noticed a minotaur
 11236 | Lab      | Killed a minotaur
 11263 | Lab      | Got a pair of encrusted boots
 11268 | Lab      | Identified the Handbook of Lucky Translocation (You found it in a labyrinth)
 11268 | Lab      | Identified the Reference Book on Noxious Shape Shifting (You found it in a labyrinth)
 11276 | Lab      | Learned a level 3 spell: Regeneration
 11279 | Lab      | Learned a level 2 spell: Song of Slaying
 11284 | Lab      | Identified the +1 pair of boots "Muytic" {rElec rPois rF+} (You found it in a labyrinth)
 11327 | D:11     | Reached skill level 15 in Axes
 11328 | D:11     | Noticed skk's ghost (journeyman NaEn)
 11356 | D:11     | Killed skk's ghost
 11699 | D:11     | Killed a death knight
 11699 | D:11     | Reached skill level 10 in Armour
 11699 | D:11     | Reached XP level 12. HP: 51/110 MP: 10/19
 11982 | D:11     | Reached skill level 16 in Axes
 12088 | D:11     | Received a gift from Okawaru
 12321 | D:11     | Noticed a six-headed hydra
 12335 | D:11     | Killed a 13-headed hydra
 12335 | D:11     | Reached skill level 1 in Charms
 12335 | D:11     | Reached skill level 1 in Necromancy
 12407 | D:11     | Reached skill level 1 in Spellcasting
 12504 | D:11     | Noticed an eight-headed hydra
 12516 | D:11     | Killed a 15-headed hydra
 12516 | D:11     | Reached skill level 1 in Dodging
 12937 | D:12     | Reached ****** piety under Okawaru
 13574 | D:12     | Received a gift from Okawaru
 13738 | D:12     | Reached skill level 10 in Invocations
 14047 | D:12     | Reached skill level 17 in Axes
 14088 | D:12     | Found a shimmering altar of Xom.
 14997 | D:13     | Noticed a centaur warrior
 15015 | D:13     | Killed a centaur warrior
 15015 | D:13     | Reached XP level 13. HP: 102/117 MP: 20/20
 15061 | D:13     | Received a gift from Okawaru
 15653 | D:13     | Reached skill level 18 in Axes
 15668 | D:13     | Got an encrusted ring mail
 15727 | D:13     | Identified the +3 ring mail of the Flute {rElec rF- rN+ Str+3} (You found it on level 13 of the Dungeon)
 15729 | D:13     | DEFE: Как-то не табается сегодня
 15751 | D:13     | ololoev: у меня тут ппц
 15751 | D:13     | ololoev: нашел мануал топоров
 15751 | D:13     | ololoev: в лабиринте
 15751 | D:13     | ololoev: боты с релек рпойз рФ
 15872 | D:14     | Found Coenages's Gadget Boutique.
 15876 | D:14     | Reached skill level 1 in Translocations
 15878 | D:14     | Bought a wand of teleportation (2/9) for 234 gold pieces
 15917 | D:14     | DEFE: круто!
 15994 | D:14     | DEFE: но это коковара
 15994 | D:14     | ololoev: теперь главное в абисс не улететь
 15994 | D:14     | ololoev: коко еще ничего кроме игл и баклера не дарил
 16101 | D:14     | DEFE: да
 16134 | D:14     | Found a shattered altar of Ashenzari.
 16387 | D:14     | Received a gift from Okawaru
 16496 | D:14     | Found a gate to the Vaults.
 16766 | D:15     | Entered Level 15 of the Dungeon
 16898 | D:15     | DEFE: он плохо дарит на само деле
 16903 | D:15     | ololoev: это да
 16903 | D:15     | DEFE: нет смысла рассчитаывать на дупз на подарки
 16903 | D:15     | ololoev: я его взял потому что он на Д1 был
 16903 | D:15     | ololoev: ну и у него есть хастомайт
 16903 | D:15     | ololoev: правда на Д2 я об этом пожалел, там был ТСО
 16903 | D:15     | DEFE: это в 0.8
 16903 | D:15     | ololoev: ну я сокращенно
 16903 | D:15     | DEFE: хастомайт
 16903 | D:15     | ololoev: хиро и файнесс
 16903 | D:15     | DEFE: но он крут
 16903 | D:15     | ololoev: хастомайт быстрее писать
 16909 | D:15     | DEFE: может ты U зачистишь с ним
 16909 | D:15     | ololoev: вот я на это и рассчитываю
 16909 | D:15     | DEFE: файненс все же самый крутой бафф в игре
 16909 | D:15     | ololoev: прокачаться в У и пойти чистить ады с эквипом
 17768 | D:15     | Received a gift from Okawaru
 17800 | D:15     | Reached XP level 14. HP: 100/127 MP: 22/22
 17803 | D:15     | Reached skill level 19 in Axes
 18342 | D:15     | Reached skill level 5 in Necromancy
 18571 | D:15     | Found a staircase to the Depths.
 18725 | D:15     | ololoev: чет все быстро протабалось
 18725 | D:15     | DEFE: что там по резистам?
 18725 | D:15     | ololoev: и пора идти в депс
 18725 | D:15     | ololoev: рС нет
 18725 | D:15     | ololoev: ну и рН
 18725 | D:15     | DEFE: armour && brand
 18725 | D:15     | ololoev: MR одной пипки не хватает
 19025 | D:9      | Received a gift from Okawaru
 19121 | D:7      | Bought a shiny scale mail for 96 gold pieces
 19152 | D:7      | DEFE: не завезли
 19298 | D:11     | ololoev: нет рС
 19456 | Depths:1 | Entered Level 1 of the Depths
 19457 | Depths:1 | ololoev: такс
 19457 | Depths:1 | ololoev: велкам ту абисс
 19457 | Depths:1 | DEFE: ну ща пара фрост гигантов отпрвят
 19457 | Depths:1 | DEFE: в морг
 19470 | Depths:1 | Noticed Norris
 19470 | Depths:1 | DEFE: лол
 19470 | Depths:1 | DEFE: теле
 19470 | Depths:1 | ololoev: не ну это нормально?
 19470 | Depths:1 | ololoev: ладно
 19470 | Depths:1 | ololoev: пойду скитаться по У1
 19470 | Depths:1 | ololoev: в данже все равно делать нечего
 19471 | Depths:1 | DEFE: и фог
 19491 | Depths:1 | Reached skill level 5 in Charms
 19498 | Depths:1 | Noticed a stone giant
 19498 | Depths:1 | DEFE: дистор дагеер
 19501 | Depths:1 | ololoev: лол точно
 19501 | Depths:1 | ololoev: надо привыкать смотреть на бренды
 19513 | Depths:1 | Noticed a cyan very ugly thing
 19516 | Depths:1 | Noticed a cyan very ugly thing
 19521 | Depths:1 | Noticed a cyan very ugly thing
 19530 | Depths:1 | Killed a stone giant
 19540 | Depths:1 | Killed a green very ugly thing
 19543 | Depths:1 | Killed a green very ugly thing
 19556 | Depths:1 | Killed a cyan very ugly thing
 19556 | Depths:1 | Received a gift from Okawaru
 19567 | Depths:1 | Received a gift from Okawaru
 19575 | Depths:1 | DEFE: норм
 19579 | Depths:1 | DEFE: не бросай
 19580 | Depths:1 | Noticed a fire giant
 19589 | Depths:1 | Killed a fire giant
 19589 | Depths:1 | Reached skill level 20 in Axes
 19591 | Depths:1 | Noticed a vampire knight
 19592 | Depths:1 | DEFE: это как ты реген
 19592 | Depths:1 | DEFE: кастуешь?
 19592 | Depths:1 | ololoev: под брилом
 19592 | Depths:1 | DEFE: лол
 19611 | Depths:1 | HP: 6/127 [something (20)]
 19621 | Depths:1 | Noticed a stone giant
 19622 | Depths:1 | HP: 6/127 [stone giant/large rock (17)]
 19623 | Depths:1 | DEFE: #YOLO
 19626 | Depths:1 | Found a runed door.
 19631 | Depths:1 | Killed from afar by a vampire knight

Dungeon Overview and Level Annotations

Branches:
Dungeon (15/15)            Temple (0/1) D:6            Lair (0/8) D:11
    Orc (0/2) D:10         Vaults (0/5) D:14         Depths (1/5) D:15

Altars:
Ashenzari
Dithmenos
Elyvilon
Fedhas
Okawaru
Pakellas
Ru
Vehumet
Xom
The Shining One

Shops:
D:7 [[   D:14 }

Annotations:
Depths:1 1 runed door, Norris


Message History

You hit the vampire knight.
The vampire knight is heavily damaged.
You slash the vampire knight! You freeze the vampire knight.
The vampire knight is heavily damaged.
The vampire knight hits you with a war axe!
The vampire knight bites you but does no damage.
You hit the vampire knight but do no damage.
The vampire knight is heavily damaged.
You hit the vampire knight.
The vampire knight is heavily damaged.
The vampire knight gestures at you while chanting.
You resist with almost no effort.
A phantasmal warrior comes into view.
You hit the vampire knight. You freeze the vampire knight.
The vampire knight is severely damaged.
You slash the vampire knight! You freeze the vampire knight.
The vampire knight is almost destroyed.
The vampire knight is infused with unholy energy.
The vampire knight draws life force from you and is healed!
Use which ability? (? or * to list)
You gain the combat prowess of a mighty hero.
You feel slightly more hungry.
The vampire knight gestures wildly while chanting.
The vampire knight flickers and vanishes!
Deactivating autopickup; reactivate with Ctrl-A.
You slash something! You freeze something. Something barely misses you.
Something bites you but does no damage.
You barely miss something. You barely miss something.
Your skin stops crawling.
Unholy energy fills the air.
You hit something but do no damage.
The phantasmal warrior blinks!
A phantasmal warrior comes into view.
Drink which item? (? for menu, Esc to quit)
You feel agile all of a sudden. Something hits you.
Something bites you but does no damage. Something hits you!!
Something bites you but does no damage.
Drink which item? (? for menu, Esc to quit)
You feel much better.
Your hands slow down.
Something hits you! Something bites you.
Something draws strength from your injuries!
The phantasmal warrior blinks!
Read which item? (? for menu, Esc to quit)
Blink to where?
Press: ? - help, Dir - move target cursor You are very lightly contaminated with residual magic.
As you read the scroll of blinking, it crumbles to dust.
The phantasmal warrior blinks!
Read which item? (? for menu, Esc to quit)
Blink to where?
Press: ? - help, Dir - move target cursor
As you read the scroll of blinking, it crumbles to dust.
Found 22 bolts.
An ettin comes into view. It is wielding two dire flails.
The ettin shouts in stereo!
Read which item? (? for menu, Esc to quit)
Blink to where?
Press: ? - help, Dir - move target cursor
As you read the scroll of blinking, it crumbles to dust.
Found 2 potions of haste and a beef jerky.
Drink which item? (? for menu, Esc to quit)
You feel better.
Found 5 steel tomahawks.
An ettin and a stone giant come into view.
You found an alarm trap!
The ettin shouts in stereo!
The stone giant shouts!
The stone giant throws a large rock.
The large rock hits you!
Read which item? (? for menu, Esc to quit)
Blink to where?
Press: ? - help, Dir - move target cursor
As you read the scroll of blinking, it crumbles to dust.
Read which item? (? for menu, Esc to quit)
As you read the scroll of fog, it crumbles to dust.
The scroll dissolves into smoke.
Found a potion of haste.
Found a runed door.
You hear a distant blaring wail to the southwest.
Something tries to affect you, but you resist.
Unholy energy fills the air.
You die...

You could see an ettin.

Vanquished Creatures
  A fire giant (Depths:1)
  3 very ugly things (Depths:1)
  A stone giant (Depths:1)
  2 entropy weavers (Depths:1)
  A minotaur (Lab)
  Josephine (D:10)
  3 hydras
  The ghost of skk the Unseen, a journeyman NaEn of Cheibriados (D:11)
  5 centaur warriors
  3 tengu warriors
  A death knight (D:11)
  An unseen horror (D:15)
  A giant orange brain (D:15)
  An obsidian statue (D:13)
  A deep troll (D:14)
  8 hill giants
  2 wizards (Depths:1)
  A lindwurm (D:14)
  2 deep elf magi
  5 ugly things
  A manticore (D:15)
  A hornet (shapeshifter) (D:15)
  7 cyclopes
  Joseph (D:7)
  An elephant (D:11)
  A black mamba (shapeshifter) (D:15)
  4 centaur zombies
  A gargoyle (D:15)
  2 kobold demonologists (D:13)
  An efreet (D:15)
  A yaktaur (shapeshifter) (D:15)
  8 yaktaurs (D:15)
  2 jumping spiders (shapeshifter)
  3 trolls
  A two-headed ogre (D:10)
  A polar bear (shapeshifter) (D:15)
  An ice dragon zombie (Depths:1)
  5 slime creatures (D:15)
  Grinder (D:6)
  6 wraiths (D:10)
  3 shadows
  6 redbacks (Depths:1)
  5 wyverns
  6 hippogriffs
  A golden eye (shapeshifter) (Depths:1)
  A hippogriff (shapeshifter) (D:14)
  6 hungry ghosts
  16 yaks
  15 vampire mosquitoes
  A naga (shapeshifter) (D:14)
  A soldier ant (D:13)
  A water moccasin (D:9)
  A mottled dragon (D:15)
  5 orc warriors
  A wasp (D:10)
  7 ice beasts
  An eye of draining (D:14)
  2 black bears
  4 sky beasts
  14 centaurs
  4 crocodiles
  6 ogres
  2 crocodiles (shapeshifter)
  8 big kobolds (D:13)
  10 giant frogs
  A gnoll sergeant (D:9)
  A water moccasin skeleton (D:7)
  A wyvern skeleton (D:10)
  A scorpion (D:4)
  A troll zombie (D:10)
  7 killer bees
  4 wights (D:7)
  An electric eel (D:8)
  12 howler monkeys
  6 crimson imps
  A giant frog zombie (D:5)
  6 hounds
  A jelly (D:9)
  2 quasits (D:13)
  8 orc priests
  3 centaur skeletons
  6 orc wizards
  2 giant frog skeletons
  5 iguanas
  9 worker ants
  2 killer bee zombies
  7 ogre zombies (D:10)
  A sheep (D:11)
  A hound zombie (D:5)
  A hound skeleton (D:4)
  7 gnolls
  16 adders
  7 shadow imps
  An ufetubus (D:13)
  3 oozes
  An adder zombie (D:9)
  5 worms
  2 dart slugs
  8 giant geckos
  36 orcs
  4 bats
  4 giant cockroaches
  2 goblins (D:1)
  11 hobgoblins
  17 jackals
  21 kobolds
  2 quokkas
  3 ball pythons
  2 giant gecko skeletons
  2 giant newts
  A goblin skeleton (D:10)
  4 goblin zombies (D:10)
  2 hobgoblin skeletons (D:10)
  3 hobgoblin zombies (D:10)
  2 jackal skeletons
  An orc skeleton (D:10)
  14 orc zombies (D:10)
  15 rats
  2 plants (D:13)
508 creatures vanquished.

Vanquished Creatures (others)
  A gnoll (D:8)
  A bush (D:13)
2 creatures vanquished.

Grand Total: 510 creatures vanquished

Action                   |  1- 3 |  4- 6 |  7- 9 | 10-12 | 13-15 || total
-------------------------+-------+-------+-------+-------+-------++-------
Melee: War axe           |   131 |   160 |   292 |   113 |       ||   696
       Punch             |       |     1 |     1 |     2 |       ||     4
       Battleaxe         |       |       |       |   496 |   410 ||   906
 Cast: Regeneration      |       |       |       |       |     3 ||     3
       Song of Slaying   |       |       |       |       |     1 ||     1
Invok: Heroism           |       |     1 |     6 |    14 |     7 ||    28
       Finesse           |       |       |       |     3 |     2 ||     5
Evoke: Wand              |       |       |     8 |       |       ||     8
       Rod               |       |       |       |       |     7 ||     7
  Use: Potion            |       |     1 |     1 |     4 |     7 ||    13
       Scroll            |       |       |       |    19 |    11 ||    30
 Stab: Distracted        |       |       |       |       |     1 ||     1
  Eat: Chunk             |       |     7 |    12 |    35 |    14 ||    68
       Beef jerky        |       |     1 |       |       |       ||     1
       Bread ration      |       |       |       |       |     1 ||     1
       Fruit             |       |       |       |       |     1 ||     1
Armor: Scale mail        |    62 |   105 |    22 |       |       ||   189
       Chain mail        |       |       |   183 |   137 |       ||   320
       Plate armour      |       |       |       |   251 |   296 ||   547
Dodge: Dodged            |    87 |    96 |   157 |   284 |   167 ||   791

Vault maps used:
D:1:      erik_arrival_orb_chamber, okawaru_ov_weapons_minmay
D:2:      nicolae_tso_swordbearing_angel, elyvilon_altar_4,
          kennysheep_generic_room_8
D:3:      minmay_door_square
D:4:      first_bread, kennysheep_nub
D:6:      lemuel_round_altar, minmay_temple_entry_grid, nrook_mini_backslash,
          uniq_grinder
D:7:      gammafunk_temple_overflow_forgotten, serial_shops, shop,
          shop_fountains, grunt_pakellas_basics, uniq_joseph
D:8:      nicolae_dithmenos_shadow_blocks
D:10:     zombieorc2_lemuel, eino_curves_01, uniq_josephine
D:11:     david_lair_generic, lab_entry_generic, minmay_parallelograms
D:12:     basic_altar
D:13:     kennysheep_kobold_grotto
D:14:     david_vaults_4, ashenzari_altar_1, serial_shops, shop
D:15:     gammafunk_enter_depths_forms, hangedman_decor_points, st_stairs_14
Depths:1: enter_ziggurat_f, grunt_hell_horde, minmay_misc_feat_secret_circle,
          abyss_entry_flame_altar, lightli_church_of_beogh, firewood_loft,
          infiniplex_staircase_pool_lava, uniq_norris
Lab:      labyrinth_watery, nicolae_lab_flowing_pool,
          labyrinth_skeletal_remains, nicolae_lab_dead_end
